 Dungeon Crawl Stone Soup version 0.31-a0-983-g7b6862f502 (webtiles) character file.

Game seed: 10018987981241735978

9360 Firecrotchwizard the Grappler (level 11, -1/113 HPs)
             Began as a Troll Shapeshifter on Nov 3, 2023.
             Was an Elder of Cheibriados.
             Slain by a seven-headed hydra (13 damage)
             ... on level 10 of the Dungeon.
             The game lasted 00:33:13 (8121 turns).

Firecrotchwizard the Grappler (Troll Shapeshifter)  Turns: 8121, Time: 00:33:13

Health: -1/113     AC:  7    Str: 37    XL:     11   Next: 22%
Magic:  10/10      EV: 12    Int: 15    God:    Cheibriados [****..]
Gold:   718        SH:  0    Dex: 18    Spells: 10/10 levels left

rFire   . .          .
                       - Unarmed
rCold   . . .        (no shield)
rNeg    . . .        g - +0 steam dragon scales
rPois   .            (helmet currently unavailable)
rElec   .            (cloak currently unavailable)
rCorr   .            (gloves unavailable)
SInv    +            (boots unavailable)
Will    +....        (no amulet)
Stlth   ++           s - ring of willpower
HPRegen 1.18/turn    x - ring of see invisible
MPRegen 0.12/turn

%: no passive effects
@: about to teleport, beast-form, very slow
A: beast (slay +4), large, unfitting armour, claws 3, regeneration 1, shaggy fur
1, tough skin 1
a: Begin Untransformation, Renounce Religion, Bend Time, Temporal Distortion,
Slouch


You were on level 10 of the Dungeon.
You worshipped Cheibriados.
Cheibriados was greatly pleased with you.
You were a hulking beast.
You visited 2 branches of the dungeon, and saw 11 of its levels.

You collected 718 gold pieces.

Inventory:

Missiles
 u - 3 throwing nets {@!f}
Armour
 a - a +1 animal skin
 g - +0 steam dragon scales (worn)
Jewellery
 q - a ring of magical power
 s - a ring of willpower (left claw)
 x - a ring of see invisible (right claw)
 y - a ring of ice
 A - a +6 ring of intelligence
Talismans
 c - a beast talisman
 d - a flux talisman
 z - a serpent talisman
Wands
 v - a wand of digging (6)
 w - a wand of roots (4)
Scrolls
 i - 2 scrolls of identify
 k - 3 scrolls of silence
 l - 2 scrolls of vulnerability
 r - 2 scrolls of revelation {unknown}
 t - 2 scrolls of teleportation
 C - a scroll of amnesia {unknown}
Potions
 b - a potion of lignification
 e - 2 potions of attraction
 f - a potion of brilliance
 h - a potion of resistance
 j - a potion of invisibility
 m - a potion of curing
 n - 2 potions of haste
 o - a potion of cancellation
 p - a potion of heal wounds {unknown}
 B - a potion of mutation {unknown}


   Skills:
 + Level 8.3 Fighting
 - Level 4.4 Dodging
 + Level 10.3 Unarmed Combat
 + Level 9.5 Shapeshifting


You had 10 spell levels left.
You didn't know any spells.
Your spell library contained the following spells:

 Spells                   Type           Power      Damage    Failure   Level
 Slow                     Hex            0%         N/A       26%         1
 Lesser Beckoning         Tloc           0%         N/A       38%         2
 Confusing Touch          Hex            0%         N/A       63%         3
 Gell's Gravitas          Tloc           0%         N/A       63%         3
 Sigil of Binding         Hex            0%         N/A       63%         3
 Summon Guardian Golem    Hex/Summ       0%         N/A       63%         3
 Swiftness                Air            0%         N/A       63%         3
 Teleport Other           Tloc           0%         N/A       63%         3
 Tukima's Dance           Hex            0%         N/A       63%         3
 Vampiric Draining        Necr           0%         2d6       63%         3
 Dimensional Bullseye     Hex/Tloc       0%         N/A       95%         4
 Iskenderun's Mystic Bla  Conj/Tloc      0%         2d3       95%         4
 Leda's Liquefaction      Hex/Erth       0%         N/A       95%         4
 Arcjolt                  Conj/Air       0%         1d10      100%        5
 Lee's Rapid Deconstruct  Erth           0%         3d4*      100%        5
 Bombard                  Conj/Erth      0%         9d1       100%        6
 Chain Lightning          Conj/Air       0%         N/A       100%        9
 Fire Storm               Conj/Fire      0%         5d1       100%        9
 Shatter                  Erth           0%         3d5*      100%        9


Dungeon Overview and Level Annotations

Branches:
Dungeon (10/15)            Temple (1/1) D:5             Orc (0/2) D:9
   Lair: D:8-11

Altars:
Ashenzari
Cheibriados
Dithmenos
Elyvilon
Fedhas
Gozag
Hepliaklqana
Kikubaaqudgha
Makhleb
Nemelex Xobeh
Okawaru
Qazlal
Ru
Sif Muna
Trog
Uskayaw
Vehumet
Wu Jian
Xom
Zin

Shops:
D:4 [

Annotations:
D:4 exclusion: 2 goblins
D:7 3 runed translucent doors, timneilson's ghost, journeyman OpSh
D:10 Joseph


Innate Abilities, Weirdness & Mutations

You are a hulking beast.
Your limbs bulge with bestial killing power. (Slay +4)
You are too large for most types of armour.
You have claws for hands.
Your natural rate of healing is unusually fast.
You are covered in fur. (AC +1)
You have tough skin. (AC +1)


Message History

The orc wizard hits you with a +0 dagger.
You mangle the orc wizard!!
You kill the orc wizard!
Cheibriados appreciates the change of pace.
You can now inflict damage on those overly hasty.
Cheibriados raises the support of your attributes as your movement slows.
You closely miss the orc. The orc hits you with a +0 club.
You closely miss the orc. Your claw misses the orc.
The orc hits you with a +0 club.
You mangle the orc!!
You kill the orc!
Cheibriados appreciates the change of pace.
An orc comes into view. It is wielding a +0 club.
You see here a +0 club.
Found 17 gold pieces.
You start resting.
An orc is nearby!
You barely miss the orc.
The orc shouts!
You are no longer corroded.
You hear a shout!
The orc closely misses you.
You claw the orc!
You kill the orc!
Cheibriados appreciates the change of pace.
You start resting.
An orc comes into view. It is wielding a +0 dagger.
You claw the orc!
You kill the orc!
Cheibriados appreciates the change of pace.
You start resting.
HP restored.
You now have 718 gold pieces (gained 17).
A troll comes into view.
The troll shouts!
You hear a shout!
The troll barely misses you. x2; The troll closely misses you.
You mangle the troll!!
The troll is heavily wounded.
The troll bites you but does no damage. The troll claws you but does no damage.
The troll completely misses you.
You mangle the troll!!
You kill the troll!
Cheibriados appreciates the change of pace.
The troll leather armour is intact enough to wear.
A troll comes into view.
Things that are here:
a +0 troll leather armour; a troll corpse You mangle the troll!!
You claw the troll!
You kill the troll!
Cheibriados appreciates the change of pace.
Things that are here:
a +0 troll leather armour; a troll corpse You are a hulking beast.
Your movement speed is very slow.
Your attack delay is about 0.8.
Your damage rating with unarmed combat is about 40 (Base [9 + 10 (UC)] x 167% (Str) x 113% (Fight) + 4 (Slay)).
Your base attributes are Str 28, Int 6, Dex 9.
You pick up a book of the Earth and begin reading...
You add the spells Leda's Liquefaction, Lee's Rapid Deconstruction and Bombard to your library.
There is a stone staircase leading down here.
Found a ring mail.
Found an orcbow.
Found an escape hatch in the ceiling.
Found a stone staircase leading down.
Found a stone staircase leading down.
Joseph and a seven-headed hydra come into view.
Found 20 gold pieces.
There is an escape hatch in the ceiling here.
Okay, then.
As you read the scroll of teleportation, it crumbles to dust.
You feel strangely unstable. The seven-headed hydra bites you.
The seven-headed hydra bites you! The seven-headed hydra misses you.
The seven-headed hydra bites you!
The seven-headed hydra barely misses you.
The seven-headed hydra completely misses you.
The seven-headed hydra bites you!
Unknown command.
The seven-headed hydra attacks as it pursues you!
The seven-headed hydra bites you! x2; The seven-headed hydra bites you.
* * * LOW HITPOINT WARNING * * *
The seven-headed hydra bites you!
* * * LOW HITPOINT WARNING * * *
The seven-headed hydra closely misses you.
The seven-headed hydra bites you but does no damage.
The seven-headed hydra barely misses you.
The seven-headed hydra bites you.
* * * LOW HITPOINT WARNING * * *
The seven-headed hydra misses you. The seven-headed hydra bites you!
* * * LOW HITPOINT WARNING * * *
The seven-headed hydra barely misses you.
The seven-headed hydra bites you!
* * * LOW HITPOINT WARNING * * *
The seven-headed hydra bites you but does no damage.
The seven-headed hydra bites you!
* * * LOW HITPOINT WARNING * * *
The seven-headed hydra bites you!
* * * LOW HITPOINT WARNING * * *
The seven-headed hydra closely misses you.
The seven-headed hydra barely misses you.
The seven-headed hydra bites you!
You die...

#################
.#..............####
.#.#######..)..Dh>.#
.............##.##.#
##....####.#.##.# #
.............##.#
##....####.#.##.#
#.#.## #.#.##.#
#.#.........##..
#.#####......... #.#
#.#.....##


You could see a seven-headed hydra.

Vanquished Creatures
  Harold (D:9)
  Pikel (D:9)
  An ugly thing (D:10)
  Maggie (D:9)
  Grinder (D:3)
  2 trolls (D:10)
  2 wraiths
  19 yaks
  3 steam dragons
  Edmund (D:5)
  2 water moccasins
  2 sky beasts
  A black bear (D:6)
  3 ice beasts
  2 orc warriors
  An ogre (D:6)
  2 centaurs
  A lemure (D:9)
  A kobold brigand (D:7)
  2 bullfrogs
  4 gnoll sergeants
  5 scorpions
  8 wights
  A killer bee (D:7)
  3 orc priests
  3 hounds
  5 jellies
  4 iguanas
  A sleepcap (D:8)
  Natasha (thrice) (D:3)
  13 orc wizards
  Robin (D:3)
  8 gnolls
  10 adders
  2 shadow imps
  A white imp (D:7)
  5 ufetubi
  2 worms (D:3)
  26 orcs
  7 endoplasms
  2 giant cockroaches
  11 goblins
  10 hobgoblins
  2 jackals (D:1)
  5 kobolds
  5 quokkas
  7 ball pythons
  2 bats (D:1)
  2 frilled lizards (D:3)
  5 rats
212 creatures vanquished.

Vanquished Creatures (others)
  2 orcs (D:7)
2 creatures vanquished.

Grand Total: 214 creatures vanquished

Notes
Turn   | Place    | Note
-------+----------+-------------------------------------------
     0 | D:1      | Firecrotchwizard the Troll Shapeshifter began the quest for
                  | the Orb.
     0 | D:1      | Reached XP level 1. HP: 18/18 MP: 0/0
    63 | D:1      | Reached skill level 1 in Fighting
    85 | D:1      | Reached XP level 2. HP: 24/27 MP: 1/1
   734 | D:1      | Reached XP level 3. HP: 32/33 MP: 2/2
   857 | D:2      | Identified the "Zaufecag"
   994 | D:2      | You fall into a shaft and drop 2 floors!
   994 | D:4      | Found an opulent altar of Gozag.
  1007 | D:4      | Reached XP level 4. HP: 41/41 MP: 3/3
  1061 | D:4      | Reached XP level 5. HP: 19/49 MP: 4/4
  1243 | D:3      | Noticed Grinder
  1263 | D:3      | Killed Grinder
  1264 | D:3      | Reached skill level 4 in Unarmed Combat
  1264 | D:3      | Reached XP level 6. HP: 31/59 MP: 5/5
  1269 | D:3      | Noticed Natasha
  1537 | D:3      | Noticed Robin
  1543 | D:3      | Killed Robin
  1793 | D:3      | Killed Natasha
  1891 | D:3      | Noticed Natasha
  1900 | D:3      | Killed Natasha
  1973 | D:3      | Noticed Natasha
  1982 | D:3      | Killed Natasha
  1983 | D:3      | Reached XP level 7. HP: 53/67 MP: 6/6
  2378 | D:4      | Found Powy's Antique Armour Boutique.
  2447 | D:4      | Found an iron altar of Okawaru.
  2655 | D:5      | Entered Level 5 of the Dungeon
  2682 | D:5      | Found a staircase to the Ecumenical Temple.
  2696 | Temple   | Entered the Ecumenical Temple
  2912 | D:5      | Found a snail-covered altar of Cheibriados.
  3048 | D:5      | Reached skill level 5 in Unarmed Combat
  3196 | D:5      | Noticed Edmund
  3203 | D:5      | Killed Edmund
  3204 | D:5      | Reached skill level 5 in Shapeshifting
  3438 | D:5      | Reached XP level 8. HP: 38/78 MP: 7/7
  3916 | D:5      | Became a worshipper of Cheibriados the Contemplative
  3991 | D:6      | Found a sparkling altar of Nemelex Xobeh.
  3993 | D:6      | Found a shimmering altar of Xom.
  3993 | D:6      | Found an ancient bone altar of Kikubaaqudgha.
  3995 | D:6      | Found a radiant altar of Vehumet.
  3995 | D:6      | Found a bloodstained altar of Trog.
  3995 | D:6      | Found a burning altar of Makhleb.
  4061 | D:6      | Reached skill level 6 in Unarmed Combat
  4143 | D:6      | Found a sacrificial altar of Ru.
  4771 | D:6      | Reached skill level 5 in Fighting
  4835 | D:7      | Found a stormy altar of Qazlal.
  4847 | D:7      | Reached XP level 9. HP: 80/86 MP: 8/8
  4884 | D:7      | Reached * piety under Cheibriados
  4885 | D:7      | Reached skill level 7 in Unarmed Combat
  5026 | D:7      | Found a runed translucent gate.
  5027 | D:7      | Found a runed translucent gate.
  5028 | D:7      | Found a runed translucent gate.
  5262 | D:8      | Reached ** piety under Cheibriados
  5332 | D:7      | Reached skill level 8 in Unarmed Combat
  5494 | D:7      | Noticed timneilson's ghost (journeyman OpSh)
  5934 | D:8      | Reached XP level 10. HP: 85/100 MP: 9/9
  6114 | D:8      | Reached skill level 9 in Unarmed Combat
  6297 | D:8      | Found a hazy altar of Hepliaklqana.
  6303 | D:8      | Reached *** piety under Cheibriados
  6336 | D:8      | Found a shadowy altar of Dithmenos.
  6366 | D:8      | Found a white marble altar of Elyvilon.
  6623 | D:9      | Noticed Maggie
  6633 | D:9      | Killed Maggie
  6796 | D:9      | Found a broken altar of Ashenzari.
  6853 | D:9      | Found a staircase to the Orcish Mines.
  6905 | D:9      | Found a blossoming altar of Fedhas.
  7059 | D:9      | Noticed Harold
  7066 | D:9      | Killed Harold
  7231 | D:9      | Noticed Pikel
  7242 | D:9      | Killed Pikel
  7813 | D:10     | Entered Level 10 of the Dungeon
  7871 | D:10     | Reached XP level 11. HP: 111/111 MP: 10/10
  7873 | D:10     | Reached skill level 10 in Unarmed Combat
  7925 | D:10     | Noticed a brown ugly thing
  7936 | D:10     | Killed a brown ugly thing
  7937 | D:10     | Reached **** piety under Cheibriados
  8111 | D:10     | Noticed Joseph
  8111 | D:10     | Noticed a seven-headed hydra
  8121 | D:10     | Slain by a seven-headed hydra

Illustrated notes

Levels and vault maps discovered:
D:1:      matt_arrival_grand_opening, layout_basic, minivault_24,
          minmay_quantized
D:2:      layout_loops_ring, hellmonk_ecumenical_altar_inner_sanctum,
          uniq_sigmund
D:3:      layout_basic, serial_rivers, chequers_serial_rivers_small_b,
          chequers_serial_rivers_small_3, chequers_serial_rivers_room_b,
          chequers_serial_rivers_micro_a, chequers_serial_rivers_small_b,
          chequers_serial_rivers_large_a, uniq_robin, uniq_natasha, uniq_grinder
D:4:      layout_cave_pools, kennysheep_okawaru_gauntlet, grunt_gozag_statues,
          serial_shops, nicolae_shop_tiny_real_fake_doors
D:5:      minmay_opposing_rooms, layout_basic, lemuel_doored_altar,
          minmay_temple_entry_statues_pillars, minivault_24, uniq_edmund
D:6:      layout_loops_corners, old_standard_altar, doesnt_xom_only_xom
D:7:      minmay_s_stair_smasher, layout_cave_pods, mainiacjoe_overflow_catwalk,
          gammafunk_ghost_icy
D:8:      layout_basic, mainiacjoe_overflow_boulevard, kennysheep_mini_moat,
          mainiacjoe_overflow_chevrons, minmay_checkerbox
D:9:      layout_gridville, amcnicky_altar_gilded,
          mainiacjoe_overflow_cross_hatched, uniq_pikel, uniq_maggie,
          uniq_harold
D:10:     layout_loops_ring, grunt_temple_overflow_holy_war, minmay_evil_grid,
          uniq_joseph
Temple:   hellmonk_temple_forest_ring

Skill      XL: |  1  2  3  4  5  6  7  8  9 10 11 |
---------------+----------------------------------+-----
Fighting       | 1 2 3 5 6 8 |  8.3
Dodging        | 2 3 4 |  4.4
Unarmed Combat | 4 5 6 8 9 10 | 10.3
Shapeshifting  | 4 5 6 7 9 |  9.5

Action                     |  1- 3 |  4- 6 |  7- 9 | 10-12 || total
---------------------------+-------+-------+-------+-------++-------
  Melee: Unarmed           |    51 |   111 |   287 |   151 ||   600
         Punch             |     1 |     4 |    15 |     6 ||    26
    Use: Scroll            |       |       |    15 |     2 ||    17
         Potion            |       |       |     3 |       ||     3
   Stab: Sleeping          |       |       |       |     1 ||     1
 Armour: Animal skin       |    31 |    88 |   157 |       ||   276
         Steam dragon scal |       |       |    57 |    82 ||   139
         Skin              |       |       |    31 |       ||    31
  Dodge: Dodged            |    22 |    49 |   151 |    71 ||   293

Table legend: (Time is in decaauts)
 A = Elapsed time spent in this place.
 B = Non-inter-level travel time spent in this place.
 C = Inter-level travel time spent in this place.
 D = Time resting spent in this place.
 E = Time spent auto-exploring this place.
 F = Levels seen in this place.
 G = Mean time per level.
                   A        B        C        D        E       F      G
               +--------+--------+--------+--------+--------+-----+--------+
         Total |   9577 |   8824 |    753 |    730 |   6561 |  11 |  870.6 |
       Dungeon |   9402 |   8649 |    753 |    590 |   6561 |  10 |  940.2 |
        Temple |    175 |    175 |      0 |    140 |      0 |   1 |  175.0 |
               +--------+--------+--------+--------+--------+-----+--------+

Top non-repeatable levels by time:
     D:9: 1397 daAuts
     D:7: 1338 daAuts
     D:6: 1300 daAuts
     D:5: 1242 daAuts
     D:3: 1071 daAuts
     D:8: 979 daAuts
     D:1: 854 daAuts
     D:4: 637 daAuts
    D:10: 444 daAuts
  Temple: 175 daAuts
     D:2: 136 daAuts
